 Dungeon Crawl Stone Soup version 0.18.1-48-g4cf74bf (webtiles) character file.

457 MovingMist the Shield-Bearer (level 7, -7/44 HPs)
             Began as a Gargoyle Fighter on Aug 21, 2016.
             Mangled by an ogre
             ... wielding a +0 giant club
              (17 damage)
             ... on level 4 of the Dungeon.
             The game lasted 00:09:01 (2320 turns).

MovingMist the Shield-Bearer (Gargoyle Fighter)     Turns: 2320, Time: 00:09:01

Health: -7/44      AC: 15    Str: 21    XL:     7   Next: 6%
Magic:  7/7        EV:  7    Int:  8    God:
Gold:   285        SH: 10    Dex: 10    Spells: 0 memorised, 6 levels left

rFire  . . .     SeeInvis +     a - +0 flail
rCold  . . .     Gourm    .     b - +0 scale mail
rNeg   + . .     Faith    .     c - +0 shield
rPois  ∞         Spirit   .     k - +1 helmet
rElec  +         Dismiss  .     (no cloak)
rCorr  .         Reflect  .     g - +0 pair of gloves
SustAt .         Harm     .     (no boots)
MR     .....                    (no amulet)
Stlth  ..........               t - ring of see invisible
                                v - ring of flight

@: not resistant to hostile enchantments, extremely unstealthy
A: negative energy resistance 1, electricity resistance, unbreathing,
petrification resistance, rot immunity, AC +4
a: Evoke Flight


You were on level 4 of the Dungeon.
You were not hungry.

You visited 1 branch of the dungeon, and saw 5 of its levels.

You collected 285 gold pieces.

Inventory:

Hand Weapons
 a - a +0 flail (weapon)
Armour
 b - a +0 scale mail (worn)
 c - a +0 shield (worn)
 g - a +0 pair of gloves (worn)
 k - a +1 helmet (worn)
Jewellery
 q - an uncursed ring of magical power
 t - a ring of see invisible (right hand)
 v - a ring of flight (left hand)
Wands
 u - a wand of hasting (5/9)
 x - a wand of lightning (4/15)
Scrolls
 i - 3 scrolls of remove curse
 l - 2 scrolls of noise {unknown}
 r - a scroll of amnesia
 y - a scroll of teleportation
 z - a scroll of enchant weapon {unknown}
Potions
 d - 2 potions of might
 e - a potion of brilliance
 m - a potion of cure mutation {unknown}
 n - a potion of heal wounds {unknown}
 o - 3 potions of haste
 s - a potion of ambrosia {unknown}
Comestibles
 f - 4 bread rations
 h - a beef jerky
 j - a meat ration
 p - 9 chunks of flesh
 w - 4 fruits


   Skills:
 + Level 4.9 Fighting
 + Level 4.0 Maces & Flails
 + Level 4.9 Armour
 + Level 5.3 Shields


You had 6 spell levels left.
You didn't know any spells.

Dungeon Overview and Level Annotations

Branches:
Dungeon (5/15)
 Temple: D:4-7

Altars:
Ashenzari
Pakellas
Zin


Innate Abilities, Weirdness & Mutations

You are resistant to torment.
Your stone body is resilient (AC +4).
You are immune to poison.
You resist negative energy.
You are resistant to electric shocks.
You can survive without breathing.
You are immune to petrification.
You are immune to rotting.


Message History

The dart slug bites you but does no damage.
You sock the dart slug!
You kill the dart slug!
No target in view!
An ogre comes into view. It is wielding a giant club.
The ogre shouts!
You block the ogre's attack.
You hit the ogre.
The ogre is lightly wounded.
The ogre closely misses you.
You completely miss the ogre.
The ogre is lightly wounded.
The ogre hits you with a giant club!!
Ouch! That really hurt!
The ogre hits you with a giant club!
* * * LOW HITPOINT WARNING * * *
Found a shattered altar of Ashenzari.
Found a robe.
You open the door. The ogre hits you with a giant club!
You die...

#.......... #. #####
#.......... ... #...#
.#......... ... #...#
..........# #.#
...####.........#
#⌠.##'##.⌠..........#
#....@[...#.........#
##...O...#.###.##.##
#.......#.....##..#
+..._...+...#.###.##
#...........#.# #..#
#........#####.####.##
#.........#..........#
#⌠.##+##.⌠...........#
..## ####...........


You could see an ogre.

Vanquished Creatures
  A sky beast (D:5)
  A necrophage (D:5)
  A crimson imp (D:5)
  2 hounds
  Ijyb (D:3)
  5 gnolls
  2 adders (D:3)
  An adder skeleton (D:5)
  A worm (D:2)
  9 dart slugs (D:4)
  A giant gecko (D:1)
  7 orcs (D:3)
  7 bats
  3 giant cockroaches
  6 hobgoblins
  5 jackals
  A giant newt (D:4)
  2 goblins
  8 kobolds
  4 rats
68 creatures vanquished.

Notes
Turn   | Place    | Note
--------------------------------------------------------------
     0 | D:1      | MovingMist the Gargoyle Fighter began the quest for the Orb.
     0 | D:1      | Reached XP level 1. HP: 14/14 MP: 1/1
   110 | D:1      | Reached XP level 2. HP: 6/19 MP: 2/2
   541 | D:1      | Reached XP level 3. HP: 18/23 MP: 3/3
   770 | D:2      | Reached XP level 4. HP: 29/29 MP: 4/4
   782 | D:2      | Reached skill level 4 in Shields
  1188 | D:3      | Noticed Ijyb
  1204 | D:3      | Killed Ijyb
  1204 | D:3      | Reached XP level 5. HP: 33/33 MP: 5/5
  1260 | D:3      | Found an oddly glowing altar of Pakellas.
  1660 | D:3      | Found a glowing silver altar of Zin.
  1704 | D:3      | You fall through a shaft for 2 floors!
  1704 | D:5      | Entered Level 5 of the Dungeon
  1737 | D:5      | Noticed a sky beast
  1759 | D:5      | Killed a sky beast
  1759 | D:5      | Reached XP level 6. HP: 39/39 MP: 6/6
  1878 | D:5      | Reached skill level 5 in Shields
  1960 | D:5      | Noticed a necrophage
  1976 | D:5      | Killed a necrophage
  2102 | D:4      | Reached XP level 7. HP: 44/44 MP: 7/7
  2310 | D:4      | Found a shattered altar of Ashenzari.
  2320 | D:4      | Mangled by an ogre

Skill      XL: |  1  2  3  4  5  6 |
---------------+-------------------+-----
Shields        | 4 5 |  5.3
Fighting       | 4 |  4.9
Maces & Flails | 3 4 |  4.0
Armour         | 4 |  4.9

Action                   |  1- 3 |  4- 6 |  7- 9 || total
-------------------------+-------+-------+-------++-------
Melee: Flail             |   118 |   176 |    28 ||   322
  Use: Scroll            |     2 |     5 |       ||     7
  Eat: Chunk             |       |     5 |       ||     5
Armor: Scale mail        |   109 |    94 |    17 ||   220
Dodge: Dodged            |    61 |    39 |    12 ||   112
Block: Shield            |   105 |    84 |    14 ||   203
